 Dungeon Crawl Stone Soup version 0.29-a0-275-g389c0b56f3 (webtiles) character file.

Game seed: 644141752062219158

23 spaghetti the Digger (level 3, 25/25 HPs)
             Began as a Gnoll Wanderer on Mar 10, 2022.
             Was a High Priest of Ignis.
             Quit the game on level 1 of the Dungeon.
             The game lasted 00:01:35 (1122 turns).

spaghetti the Digger (Gnoll Wanderer)               Turns: 1122, Time: 00:01:35

Health: 25/25      AC:  3    Str: 13    XL:     3   Next: 0%
Magic:  7/7        EV: 11    Int:  9    God:    Ignis [*****.]
Gold:   41         SH:  0    Dex: 13    Spells: 7/7 levels left

rFire   + . .      SeeInvis .   a - +0 falchion (freeze) {long}
rCold   . . .      Faith    .   (no shield)
rNeg    . . .      Spirit   .   e - +0 leather armour
rPois   .          Reflect  .   (no helmet)
rElec   .          Harm     .   (no cloak)
rCorr   .          Rampage  .   (no gloves)
Will    .....                   (no boots)
Stlth   +.........              (no amulet)
HPRegen 0.08/turn               (no ring)
MPRegen 0.10/turn               (no ring)

@: weak-willed
A: fangs 1, strong nose, distributed training
a: Renounce Religion, Fiery Armour, Foxfire Swarm, Rising Flame


You were on level 1 of the Dungeon.
You worshipped Ignis.
Ignis was extremely pleased with you.
You visited 1 branch of the dungeon, and saw 1 of its levels.

You collected 41 gold pieces.


Innate Abilities, Weirdness & Mutations

You have very sharp teeth.
Your uncanny sense of smell can sniff out nearby items.
Your experience applies equally to all skills.


   Skills:
 + Level 0.5 Fighting
 + Level 0.5 Short Blades
 + Level 2.5 Long Blades
 + Level 0.5 Axes
 + Level 0.5 Maces & Flails
 + Level 0.5 Polearms
 + Level 0.5 Staves
 + Level 0.5 Slings
 + Level 0.5 Bows
 + Level 0.5 Crossbows
 + Level 0.5 Throwing
 + Level 0.5 Armour
 + Level 0.5 Dodging
 + Level 0.5 Stealth
 + Level 0.5 Shields
 + Level 0.5 Unarmed Combat
 + Level 2.7 Spellcasting
 + Level 0.4 Conjurations
 + Level 0.4 Hexes
 + Level 0.4 Summonings
 + Level 0.4 Necromancy
 + Level 0.4 Translocations
 + Level 0.4 Transmutations
 + Level 0.4 Fire Magic
 + Level 0.4 Ice Magic
 + Level 0.4 Air Magic
 + Level 7.0 Earth Magic
 + Level 0.4 Poison Magic
 + Level 2.5 Invocations
 + Level 6.5 Evocations


You had 7 spell levels left.
You didn't know any spells.
Your spell library contained the following spells:

 Spells                   Type           Power      Damage    Failure   Level
 Sandblast                Erth           28%        2d8       2%          1
 Leda's Liquefaction      Hex/Erth       4%         N/A       63%         4
 Petrify                  Tmut/Erth      8%         N/A       63%         4

Inventory:

Hand Weapons
 a - a +0 falchion of freezing (weapon) {long}
Missiles
 d - 54 stones {throwing}
Armour
 e - a +0 leather armour (worn)
Scrolls
 k - a scroll of vulnerability {!r!r}
Potions
 c - a potion of curing {@q1}
 f - a potion of heal wounds {unknown}
 h - a potion of might {unknown}
Miscellaneous
 b - a piece from Xom's chessboard (15/15)

Dungeon Overview and Level Annotations

Branches:
Dungeon (1/15)

Altars:
Ignis

#...........# #.####.# ######
#...........###..#.#.###....[
#............)..#.#....'.....
#######'#..####.####.###.....
#.#............# #.....
#.##.####..##### #.####
#.##.#.....# #####.#
####.##.#.#######)....#
#....##..@............#
#.###########.#######.# #.#
#..#.#..#.8.#..# #.#
#..'.#..#...#### #.#
#..#.#..##'## #.#
#..#_#......# #.#
#..###..#...# #.#
###......##### #.#
#..###...#8..#


There were no monsters in sight!


Message History

j - a scroll labelled MICEFASIACU 😎 HP[+5]
Your hp is fully restored (20).
k - a scroll labelled PARRAQ HEIRPH You open the door.
There is an open door here.
l - a scroll labelled EPLIAZ WEDUA
As you read the scroll labelled MICEFASIACU, it crumbles to dust.
You feel strangely unstable.
It was a scroll of teleportation.
No target in view!
Your surroundings suddenly seem different.
Unknown command.
Key pressed, stopping explore.
You open the door.
You see here a +0 leather armour.
Things that are here:
a jackal corpse; a jackal skeleton You open the door.
There is an open door here.
A rat comes into view.
(D) Dungeon
Where to? (? - help)
A rat is nearby!
Unknown command.
Unknown command.
A rat is nearby!
A rat is nearby!
A rat is nearby!
No target in range!
A rat is nearby!
No target in range!
No target in range!
No target in range!
No target in range!
The rat misses you.
You barely miss the rat. Your bite misses the rat. The rat bites you. 😕 HP[-2]
You take 2 damage, and now have 18/20 hp.
You hit the rat. The rat closely misses you.
The rat bites you but does no damage.
You hit the rat.
You kill the rat!
A hobgoblin comes into view.
The hobgoblin shouts!
A hobgoblin is nearby!
A hobgoblin is nearby!
You completely miss the hobgoblin. The hobgoblin barely misses you.
You barely miss the hobgoblin. The hobgoblin misses you.
You hit the hobgoblin but do no damage. The hobgoblin completely misses you.
You closely miss the hobgoblin. The hobgoblin closely misses you.
You hit the hobgoblin.
You kill the hobgoblin!
You have reached level 3!
Your experience leads to an increase in your attributes!
Increase (S)trength, (I)ntelligence, or (D)exterity?
You feel stronger. x2 😕 HP[+5] MP[+2]
You now have 25 max hp (+5).
You regained 5 hp, and now have 23/25 hp.
Your mp is fully restored (7).
You see here a hobgoblin corpse.
k - 2 scrolls labelled PARRAQ HEIRPH (gained 1) Key pressed, stopping explore.
You open the door.
Key pressed, stopping explore.
You open the door.
Found a faded altar of an unknown god.
There is an open door here. 😎 HP[+2]
Your hp is fully restored (25).
As you read the scroll labelled PARRAQ HEIRPH, it crumbles to dust.
Magic quickly surges around you.
It was a scroll of vulnerability.
Unknown command.
Blink to where?
Press: ? - help, Dir - move target, f - you Are you sure you want to cancel this blink?
Okay, then.
As you read the scroll labelled EPLIAZ WEDUA, it crumbles to dust.
It was a scroll of blinking.
As you read the scroll labelled YPSIF FAERHUMISHRU, it crumbles to dust.
It is a scroll of amnesia.
Forget Sandblast, freeing 1 spell level for a total of 7?
Your memory of Sandblast unravels.
As you read the scroll labelled FUNASAGATU, it crumbles to dust.
It is a scroll of brand weapon.
Your +0 falchion {long} is covered with a thin layer of ice!
a - a +0 falchion of freezing (weapon)
{long}
Okay, then.
There is a faded altar of an unknown god here.
You cannot tell which god this altar belongs to.
Convert to them anyway?
Ignis accepts your prayer! Ignis welcomes you!
Unknown command.
Press < or > to pray at altars.
There is an open door here.
Done exploring.
Done exploring.
Done exploring.
Are you sure you want to abandon this character and quit the game? (Confirm with "yes".)

Action                   || total
-------------------------++-------
Melee: Falchion          ||    39
       Bite              ||     6
       Punch             ||     1
 Cast: Sandblast         ||     7
  Use: Scroll            ||     5
Armor: Leather armour    ||    12
Dodge: Dodged            ||    33

Levels and vault maps discovered:
D:1:      moated_graveyard_arrival, layout_basic,
          shapermc_ecumenical_altar_mp_vishouse, minmay_misc_feat_tiny

Notes
Turn   | Place    | Note
-------+----------+-------------------------------------------
     0 | D:1      | spaghetti the Gnoll Wanderer began the quest for the Orb.
     0 | D:1      | spaghetti set off with the following items: a +0 falchion
                  | {long}, a piece from Xom's chessboard (15/15), a potion of
                  | curing {@q1}, 33 stones {throwing}, a +0 leather armour;
                  | and the following spell memorised: Sandblast; and the
                  | following spells available to memorise: Leda's
                  | Liquefaction, Petrify
     0 | D:1      | Reached XP level 1. HP: 13/13 MP: 4/4
     0 | D:1      | magus.rc [v1.9.6]
   386 | D:1      | Reached XP level 2. HP: 19/19 MP: 2/5
  1031 | D:1      | Reached XP level 3. HP: 23/25 MP: 7/7
  1096 | D:1      | Found a faded altar of an unknown god.
  1103 | D:1      | Prayed at the altar of an unknown god.
  1103 | D:1      | Became a worshipper of Ignis, the Dying Flame
  1122 | D:1      | Quit the game

Vanquished Creatures
  3 ball pythons (D:1)
  A bat (D:1)
  An endoplasm (D:1)
  2 goblins (D:1)
  4 hobgoblins (D:1)
  4 jackals (D:1)
  A kobold (D:1)
  3 rats (D:1)
19 creatures vanquished.

Table legend:
 A = Non-vault XP
 B = Vault XP
 C = Vault XP percentage of total XP
 D = Non-vault monster count
 E = Vault monster count
 F = Vault count percentage of total count
                 A         B        C        D         E       F
            +---------+---------+-------+---------+---------+-------
      Total |      34 |       0 |   0.0 |      19 |       0 |   0.0
            +---------+---------+-------+---------+---------+-------
        D:1 |      34 |       0 |   0.0 |      19 |       0 |   0.0
            +---------+---------+-------+---------+---------+-------

Illustrated notes

Table legend:
 A = Kills in this place as a percentage of kills in entire the game.
 B = Kills by you in this place as a percentage of kills by you in the entire game.
 C = Kills by friends in this place as a percentage of kills by friends in the entire game.
 D = Other kills in this place as a percentage of other kills in the entire game.
 E = Experience gained in this place as a percentage of experience gained in the entire game.
 F = Experience gained in this place divided by the number of levels of this place that you have seen.
                   A       B       C       D       E      F
               +-------+-------+-------+-------+-------+----------------------
         Total | 100.0 | 100.0 |   N/A |   N/A | 100.0 |  34.0
       Dungeon | 100.0 | 100.0 |   N/A |   N/A | 100.0 |  34.0
               +-------+-------+-------+-------+-------+----------------------

Table legend: (Time is in decaauts)
 A = Elapsed time spent in this place.
 B = Non-inter-level travel time spent in this place.
 C = Inter-level travel time spent in this place.
 D = Time resting spent in this place.
 E = Time spent auto-exploring this place.
 F = Levels seen in this place.
 G = Mean time per level.
                   A        B        C        D        E       F      G
               +--------+--------+--------+--------+--------+-----+--------+
         Total |   1129 |   1129 |      0 |    116 |    882 |   1 | 1129.0 |
       Dungeon |   1129 |   1129 |      0 |    116 |    882 |   1 | 1129.0 |
               +--------+--------+--------+--------+--------+-----+--------+

Top non-repeatable levels by time:
     D:1: 1129 daAuts
